 Dungeon Crawl Stone Soup version 0.25-a0-435-g4b9beb1024 (webtiles) character file.

Game seed: 16677860706431961496, levelgen mode: deterministic

196491 kae the Champion of Chaos (level 18, -10/169 HPs)
             Began as a Hill Orc Fighter on Jan 29, 2020.
             Was the Champion of Makhleb.
             Killed by divine providence
             ... invoked by a balrug
             ... summoned by a deep elf demonologist
              (16 damage)
             ... on level 3 of the Elven Halls.
             The game lasted 00:40:13 (28457 turns).

kae the Champion of Chaos (Hill Orc Fighter)       Turns: 28457, Time: 00:40:13

Health: -10/169    AC: 47    Str: 27      XL:     18   Next: 82%
Magic:  32/32      EV: 10    Int:  4 (8)  God:    Makhleb [******]
Gold:   7124       SH: 21    Dex: 17 (18) Spells: 17/17 levels left

rFire    + + +     SeeInvis +   a - +5 broad axe (vamp)
rCold    + + .     Gourm    +   e - +2 large shield {rF+}
rNeg     + + +     Faith    .   n - +12 gold dragon scales "Ifidoy" {rPois rF+ rC+ rN++ Slay+3}
rPois    +         Spirit   .   l - +2 helmet {SInv}
rElec    +         Reflect  .   g - +2 cloak {MR+}
rCorr    +         Harm     .   U - +0 pair of gloves "Qyos" {-Cast rN+++ Regen+ rCorr}
MR       +++..     NoCast   +   o - +2 pair of boots of the Assassin {Detection Stab+ Stlth++}
Stlth    ..........             w - amulet of Imabb {Gourm MR+ Dex+3}
HPRegen  0.78/turn              G - +6 ring of evasion
MPRegen  0.23/turn              t - +5 ring of dexterity

@: resistant
A: deterioration 1
a: Minor Destruction, Lesser Servant of Makhleb, Major Destruction, Greater
Servant of Makhleb, Renounce Religion


You were on level 3 of the Elven Halls.
You worshipped Makhleb.
Makhleb was exalted by your worship.
You were not hungry.

You visited 5 branches of the dungeon, and saw 27 of its levels.
You visited the Abyss 2 times.
You also visited: Trove, Sewer and Gauntlet.

You collected 7811 gold pieces.
You spent 687 gold pieces at shops.

Inventory:

Hand Weapons
 a - a +5 vampiric broad axe (weapon)
 b - a +3 war axe of flaming
Armour
 e - a +2 large shield of fire resistance (worn)
 g - a +2 cloak of magic resistance (worn)
 l - a +2 helmet of see invisible (worn)
 n - the +12 gold dragon scales "Ifidoy" (worn) {rPois rF+ rC+ rN++ Slay+3}
   (You found it in a treasure trove)

   It affects your accuracy and damage with ranged weapons and melee attacks
   (+3).
   It protects you from fire.
   It protects you from cold.
   It protects you from poison.
   It greatly protects you from negative energy.
   If you remove this armour, your AC will fall 34 points (47 -> 13)
 o - the +2 pair of boots of the Assassin (worn) {Detection Stab+ Stlth++}
   (You found it in a treasure trove)

   It makes you much more stealthy.
   If you remove this armour, your AC will fall 4 points (47 -> 43)
 C - the cursed +0 pair of boots of Minor Irritation {-Tele Int+3}
   (You found it in a Gauntlet)

   It affects your intelligence (+3).
   It prevents most forms of teleportation.
   If you switch to wearing this armour, your AC will fall 2 points (47 -> 45)
   It has a curse placed upon it.
 J - the +4 scale mail of the Barracuda {rPois rF+++ rC- Dex+3}
   (You found it in a treasure trove)

   It affects your dexterity (+3).
   It renders you almost immune to fire.
   It makes you vulnerable to cold.
   It protects you from poison.
   If you switch to wearing this armour, your AC will fall 19 points (47 -> 28)
 L - a scarf of spirit shield
 U - the +0 pair of gloves "Qyos" (worn) {-Cast rN+++ Regen+ rCorr}
   (You found it in a treasure trove)

   It renders you almost immune to negative energy.
   It prevents spellcasting.
   It increases your rate of regeneration.
   It provides partial protection from all sources of acid and corrosion.
   If you remove this armour, your AC will fall 2 points (47 -> 45)
Jewellery
 p - an uncursed ring of protection from fire
 t - a +5 ring of dexterity (right hand)
 w - the amulet of Imabb (around neck) {Gourm MR+ Dex+3}
   (You found it on level 15 of the Dungeon)

   [amulet of the gourmand]

   It allows you to eat raw meat even when not hungry.
   It affects your dexterity (+3).
   It affects your resistance to hostile enchantments.
 D - an uncursed ring of protection from fire
 G - a +6 ring of evasion (left hand)
 T - an uncursed amulet of regeneration
 V - an uncursed ring of positive energy
 Y - a +3 ring of dexterity
Wands
 c - a wand of acid (27)
 d - a wand of paralysis (12)
 h - a wand of enslavement (8)
 k - a wand of digging (6)
 r - a wand of random effects (8)
 v - a wand of polymorph (24)
 x - a wand of iceblast (36)
 B - a wand of flame (50)
 E - a wand of disintegration (21)
 H - a wand of clouds (6)
Scrolls
 i - a scroll of fog
 j - 7 scrolls of identify
 m - 15 scrolls of remove curse
 F - 2 scrolls of amnesia
 O - a scroll of brand weapon
 P - 3 scrolls of blinking
 R - a scroll of enchant weapon
 S - 7 scrolls of teleportation
 X - a scroll of fear
Potions
 q - 2 potions of ambrosia
 s - 3 potions of magic
 u - a potion of might
 y - 2 potions of flight
 z - 2 potions of heal wounds
 A - a potion of haste
 I - 4 potions of mutation
 K - a potion of lignification
 M - 5 potions of curing
 N - a potion of resistance
 Q - a potion of invisibility
 W - 2 potions of brilliance
Comestibles
 f - 59 rations


   Skills:
 - Level 17.0 Fighting
 - Level 18.0 Axes
 + Level 18.2 Armour
 - Level 10.0 Shields
 + Level 21.8 Invocations


You had 17 spell levels left.
You didn't know any spells.
Your spell library contained the following spells:

 Spells                   Type           Power        Failure   Level  Hunger
 Beastly Appendage        Tmut           #.....       100%        1    ##.....
 Corona                   Hex            #......      100%        1    ##.....
 Shock                    Conj/Air       #...         100%        1    ##.....
 Summon Butterflies       Summ           #.......     100%        1    ##.....
 Blink                    Tloc           N/A          100%        2    ###....
 Corpse Rot               Necr/Air       N/A          100%        2    ###....
 Ensorcelled Hibernation  Hex/Ice        #.....       100%        2    ###....
 Poisonous Vapours        Pois/Air       #.....       100%        2    ###....
 Shroud of Golubria       Chrm/Tloc      #.....       100%        2    ###....
 Sticks to Snakes         Tmut           #.......     100%        2    ###....
 Sublimation of Blood     Necr           #.........   100%        2    ###....
 Swiftness                Chrm/Air       #.......     100%        2    ###....
 Call Canine Familiar     Summ           #.......     100%        3    ####...
 Confusing Touch          Hex            #.......     100%        3    ####...
 Conjure Flame            Conj/Fire      #.......     100%        3    ####...
 Dazzling Flash           Conj/Hex       #.....       100%        3    ####...
 Gell's Gravitas          Tloc           #.........   100%        3    ####...
 Lesser Beckoning         Tloc           #.........   100%        3    ####...
 Mephitic Cloud           Conj/Pois/Air  #.......     100%        3    ####...
 Recall                   Summ/Tloc      N/A          100%        3    ####...
 Spider Form              Tmut/Pois      #.........   100%        3    ####...
 Static Discharge         Conj/Air       #.......     100%        3    ####...
 Teleport Other           Tloc           #.......     100%        3    ####...
 Tukima's Dance           Hex            #.......     100%        3    ####...
 Airstrike                Air            #.........   100%        4    #####..
 Dispel Undead            Necr           #.......     100%        4    #####..
 Ice Form                 Ice/Tmut       #.......     100%        4    #####..
 Passage of Golubria      Tloc           N/A          100%        4    #####..
 Summon Ice Beast         Ice/Summ       #.......     100%        4    #####..
 Summon Lightning Spire   Summ/Air       #.......     100%        4    #####..
 Agony                    Necr           #.......     100%        5    ######.
 Aura of Abjuration       Summ           #.........   100%        5    ######.
 Blade Hands              Tmut           #.........   100%        5    ######.
 Bolt of Magma            Conj/Fire/Erth #.........   100%        5    ######.
 Excruciating Wounds      Chrm/Necr      #.........   100%        5    ######.
 Iskenderun's Battlesphe  Conj/Chrm      #.......     100%        5    ######.
 Lightning Bolt           Conj/Air       #.........   100%        5    ######.
 Silence                  Hex/Air        #.........   100%        5    ######.
 Summon Demon             Summ           #.........   100%        5    ######.
 Summon Forest            Summ/Tloc      #.........   100%        5    ######.
 Summon Mana Viper        Hex/Summ       #.......     100%        5    ######.
 Conjure Ball Lightning   Conj/Air       #.........   100%        6    #######
 Deflect Missiles         Chrm/Air       #.........   100%        6    #######
 Freezing Cloud           Conj/Ice/Air   #.........   100%        6    #######
 Iron Shot                Conj/Erth      #.........   100%        6    #######
 Shadow Creatures         Summ           N/A          100%        6    #######
 Orb of Destruction       Conj           #.........   100%        7    #######
 Ring of Flames           Chrm/Fire      #.........   100%        7    #######
 Spellforged Servitor     Conj/Summ      #.........   100%        7    #######
 Summon Hydra             Summ           #.........   100%        7    #######
 Tornado                  Air            #.........   100%        9    #######


Dungeon Overview and Level Annotations

Branches:
Dungeon (15/15)            Temple (1/1) D:5            Lair (6/6) D:11
  Swamp (0/4) Lair:3       Spider (0/4) Lair:4        Slime (0/5) Lair:6
    Orc (2/2) D:9             Elf (3/3) Orc:2        Vaults (0/5) D:13
 Depths (0/5) D:15          Sewer (visited)         Gauntlet (visited)

Altars:
Ashenzari
Cheibriados
Dithmenos
Elyvilon
Fedhas
Gozag
Hepliaklqana
Kikubaaqudgha
Makhleb
Nemelex Xobeh
Okawaru
Qazlal
Ru
Sif Muna
Trog
Uskayaw
Vehumet
Wu Jian
Xom
Yredelemnul
Zin
The Shining One
Beogh
Jiyva

Shops:
D:4 *   D:10 :   D:11 ?   D:13 ?*   Orc:2 ((?=   Elf:1 }?(%%   Elf:3 !(?=

Annotations:
D:14 exclusion: 4 oklob plants


Innate Abilities, Weirdness & Mutations

Your body sometimes deteriorates upon taking damage.


Message History

The bolt of negative energy hits you but does no damage.
You resist.
The ghostly deep elf master archer shoots an arrow.
The arrow hits you!!
* * * LOW HITPOINT WARNING * * *
Your body deteriorates!
You feel clumsy.
You hit the ghostly deep elf master archer.
The ghostly deep elf master archer is lightly damaged.
The shadow imp disappears in a puff of smoke!
The deep elf death mage points at you and mumbles some strange words.
The bolt of negative energy misses the ghostly deep elf master archer.
The bolt of negative energy hits you but does no damage.
You resist.
The deep elf demonologist mumbles some strange words.
The ghostly deep elf master archer shoots an arrow.
The arrow hits you!
* * * LOW HITPOINT WARNING * * *
The balrug gestures at you. Something smites you!
You die...

.# #.#
#.#
#......##
#.# .#
#.# #.#
#.###.##
#.#
.####.#
#.# #(#
#'# #.#
...####
#.# ###
### .###
#.# .#
#(# .#
#[# .#
#(# .#
#@# .# {{
#e# {{ .#


{exeee{{ .# { {{eeeee{ .# e2*ee3. .### ..)*e22.e ...# ....3...... ..##
.[........... ..# You could see a balrug, a ghostly deep elf master archer, a
deep elf annihilator, 4 deep elf death magi, 2 blizzard demons, a deep elf
sorcerer, 4 deep elf elementalists, a soul eater, a deep elf demonologist, a
deep elf high priest, a neqoxec, a small abomination and 2 lost souls.

Vanquished Creatures
  Rupert (Lair:3)
  Asterion (Elf:1)
  2 deep elf blademasters (Elf:3)
  A tentacled starspawn (Elf:2)
  Agnes (Elf:1)
  A fire giant (D:15)
  2 frost giants
  2 deep elf sorcerers
  A war gargoyle (D:12)
  A stone giant (D:15)
  A deep elf demonologist (Elf:3)
  Azrael (D:14)
  3 dire elephants (Abyss:3)
  A minotaur (Gauntlet)
  A yellow draconian (Abyss:3)
  2 deep elf death magi (Elf:1)
  A fire dragon (Lair:6)
  4 ogre magi (Orc:2)
  A deep elf high priest (Elf:2)
  Josephine (Lair:4)
  The ghost of Mushotsu the Cleaver, a journeyman HOFi of Uskayaw (D:12)
  The ghost of bmj180 the Carver, a journeyman MiFi of Okawaru (D:9)
  8 hydras
  4 vault guards (D:13)
  18 two-headed ogres
  2 catoblepae
  30 dancing weapons
  7 centaur warriors
  2 tengu warriors (D:15)
  4 death yaks
  An orc high priest (Orc:1)
  3 thrashing horrors (Abyss:3)
  17 deep elf knights
  3 hell hogs (Abyss:3)
  Nergalle (D:10)
  A soul eater (Abyss:3)
  A titan skeleton (Abyss:2)
  A wretched star (Gauntlet)
  Sonja (Lair:6)
  A shadow wraith (Abyss:2)
  A skeletal warrior (D:13)
  An unseen horror (D:10)
  2 glowing orange brains
  7 large abominations
  11 deep elf archers
  2 swamp dragons (Lair:5)
  An unseen horror (shapeshifter) (Elf:1)
  2 phantasmal warriors
  A wizard (D:13)
  An orc knight (D:15)
  3 necromancers (D:13)
  4 lindwurms (Lair:6)
  An orb spider (Lair:4)
  2 orc sorcerers
  A wolf spider (D:15)
  47 deep elf magi
  3 manticores
  4 ugly things
  2 cyclopes (D:14)
  23 elephants
  A worldbinder (Abyss:2)
  8 black mambas
  11 centaur skeletons
  Psyche (D:9)
  An orange demon (Abyss:3)
  5 torpor snails (Lair:6)
  An apocalypse crab (Abyss:2)
  12 spiny frogs
  3 gargoyles
  A smoke demon (Abyss:3)
  A yaktaur (D:15)
  3 efreet
  A kobold demonologist (D:15)
  2 rime drakes (Lair:6)
  8 komodo dragons
  A freezing wraith (D:14)
  A red devil (Abyss:2)
  A tengu conjurer (D:15)
  2 ancient zymes (Abyss:3)
  A queen bee (D:14)
  3 meliai (D:14)
  5 trolls
  7 hornets (Lair:6)
  4 tyrant leeches (Lair:6)
  2 polar bears
  16 slime creatures
  6 raiju
  2 bog bodies (Lair:3)
  A slime creature (shapeshifter) (Elf:2)
  12 blink frogs
  13 dream sheep
  9 hippogriffs
  A raiju (shapeshifter) (D:14)
  4 air elementals
  2 vampires
  A spriggan (D:12)
  2 shadows
  3 wraiths (Lair:4)
  2 wyverns
  41 yaks
  2 ynoxinuls
  2 water elementals (Elf:2)
  17 humans (D:13)
  7 fire elementals
  3 basilisks
  2 hungry ghosts
  15 vampire mosquitoes
  3 insubstantial wisps (Abyss:3)
  A spatial vortex (Abyss:3)
  3 wargs
  A soldier ant (D:14)
  2 swamp worms (Lair:3)
  9 water moccasins
  5 porcupines
  3 hell hounds (D:14)
  5 black bears
  3 ice beasts
  23 orc warriors
  5 sky beasts
  An eye of draining (D:13)
  4 phantoms
  32 ogres
  14 wolves
  3 small abominations
  9 centaurs
  9 crocodiles
  19 bullfrogs
  3 big kobolds
  A gnoll sergeant (Orc:2)
  4 scorpions
  7 jellies
  45 killer bees
  3 electric eels (Lair:3)
  2 howler monkeys
  7 crimson imps
  8 centaur zombies
  2 bullfrog zombies
  5 bullfrog skeletons
  9 orc priests
  14 hounds
  Ijyb (D:3)
  11 worker ants
  Natasha (thrice) (D:3)
  5 iguanas
  18 orc wizards
  A lightning spire (Gauntlet)
  A killer bee zombie (D:6)
  A hound zombie (D:6)
  A worker ant zombie (D:6)
  Robin (D:3)
  3 gnolls (Orc:2)
  11 adders
  4 shadow imps
  An adder zombie (D:5)
  3 worms
  3 dart slugs
  4 leopard geckos
  64 orcs
  2 ball pythons
  6 bats
  8 giant cockroaches
  16 goblins
  5 hobgoblins
  3 jackals (D:3)
  20 kobolds
  2 quokkas
  A ball python skeleton (D:5)
  8 frilled lizards
  A jackal skeleton (D:5)
  A jackal zombie (D:7)
  11 rats
  A crawling corpse (Elf:1)
  2 demonic plants (Gauntlet)
  13 fungi
  7 plants
  3 starspawn tentacles (Abyss:3)
1014 creatures vanquished.

Vanquished Creatures (others)
  A deep elf knight (Elf:1)
  A deep elf mage (Elf:1)
  A redback zombie (D:14)
  A bullfrog skeleton (D:13)
  A white imp (Abyss:2)
  A crawling corpse (Elf:1)
  15 demonic plants (Gauntlet)
  7 fungi
  7 plants
  11 starspawn tentacles
46 creatures vanquished.

Grand Total: 1060 creatures vanquished

Notes
Turn   | Place    | Note
-------+----------+-------------------------------------------
     0 | D:1      | kae the Hill Orc Fighter began the quest for the Orb.
     0 | D:1      | Reached XP level 1. HP: 19/19 MP: 1/1
    86 | D:1      | Reached XP level 2. HP: 18/26 MP: 2/2
   785 | D:2      | Reached XP level 3. HP: 29/31 MP: 3/3
   878 | D:2      | Reached skill level 5 in Axes
  1234 | D:2      | Reached XP level 4. HP: 25/39 MP: 4/4
  1457 | D:3      | Found a shimmering altar of Xom.
  1528 | D:3      | Noticed Natasha
  1531 | D:3      | Noticed Robin
  1550 | D:3      | Killed Robin
  1558 | D:3      | Killed Natasha
  1558 | D:3      | Reached XP level 5. HP: 32/45 MP: 5/5
  1713 | D:3      | Found a glowing drain.
  1729 | D:3      | Noticed Natasha
  1745 | D:3      | Killed Natasha
  1751 | Sewer    | Entered a sewer
  2059 | Sewer    | Noticed a big kobold
  2067 | Sewer    | Killed a big kobold
  2067 | Sewer    | Reached XP level 6. HP: 49/51 MP: 6/6
  2509 | D:3      | Noticed Ijyb
  2516 | D:3      | Paralysed by Ijyb for 4 turns
  2521 | D:3      | Paralysed by Ijyb for 2 turns
  2531 | D:3      | Paralysed by Ijyb for 2 turns
  2537 | D:3      | Killed Ijyb
  2822 | D:3      | Noticed Natasha
  2828 | D:3      | Killed Natasha
  3086 | D:4      | Reached XP level 7. HP: 57/57 MP: 7/7
  3106 | D:4      | Reached skill level 10 in Axes
  3364 | D:4      | Found Neipesh's Assorted Antiques.
  3373 | D:4      | Bought a scroll labeled NESHRO MIZXO for 33 gold pieces
  3373 | D:4      | Bought a scroll labeled AXOCUN NALIFYUK for 33 gold pieces
  3373 | D:4      | Bought a scroll of identify for 66 gold pieces
  3373 | D:4      | Bought a scroll of identify for 66 gold pieces
  3946 | D:5      | Entered Level 5 of the Dungeon
  3954 | D:5      | Reached XP level 8. HP: 57/64 MP: 8/8
  4022 | D:5      | Found a staircase to the Ecumenical Temple.
  4046 | Temple   | Entered the Ecumenical Temple
  4149 | Temple   | Became a worshipper of Makhleb the Destroyer
  5383 | D:6      | Reached * piety under Makhleb
  5445 | D:6      | Found a glowing golden altar of the Shining One.
  5825 | D:7      | Reached XP level 9. HP: 47/70 MP: 9/9
  6722 | D:7      | Reached skill level 15 in Axes
  7614 | D:8      | Reached skill level 1 in Invocations
  7840 | D:8      | Reached skill level 3 in Invocations
  8124 | D:9      | Found a staircase to the Orcish Mines.
  8125 | D:9      | Found a runed translucent gate.
  8125 | D:9      | Found a runed translucent gate.
  8125 | D:9      | Found a runed translucent gate.
  8125 | D:9      | Identified the +6 dire flail of Arbitration {antimagic,
                  | rElec}
  8125 | D:9      | Noticed bmj180's ghost (journeyman MiFi)
  8172 | D:9      | Reached skill level 4 in Invocations
  8566 | D:9      | Noticed Psyche
  8575 | D:9      | Killed Psyche
  8575 | D:9      | Reached skill level 6 in Invocations
  8575 | D:9      | Reached XP level 10. HP: 60/77 MP: 14/14
  8689 | D:9      | Reached skill level 7 in Invocations
  8710 | D:9      | Reached ** piety under Makhleb
  8814 | D:9      | Found a roughly hewn altar of Beogh.
  9271 | D:10     | Entered Level 10 of the Dungeon
  9304 | D:10     | Killed an unseen horror
  9304 | D:10     | Reached skill level 8 in Invocations
  9316 | D:10     | Reached skill level 9 in Invocations
  9321 | D:10     | Noticed Nergalle
  9336 | D:10     | Killed Nergalle
  9336 | D:10     | Reached skill level 10 in Invocations
  9344 | D:10     | Reached skill level 11 in Invocations
  9853 | D:10     | Found Cuawia Ymea's Book Shoppe.
  9908 | D:11     | Identified 2 scrolls of acquirement
  9908 | D:11     | Identified the +3 buckler of Hazen {Dex+4} (You acquired it
                  | on level 11 of the Dungeon)
 10140 | D:11     | Noticed a green ugly thing
 10150 | D:11     | Killed a green ugly thing
 10150 | D:11     | Reached skill level 12 in Invocations
 10150 | D:11     | Reached XP level 11. HP: 81/82 MP: 20/20
 10292 | D:11     | Reached skill level 5 in Shields
 10361 | D:11     | Reached *** piety under Makhleb
 10560 | D:11     | Found Lig Timp's Magic Scroll Boutique.
 10563 | D:11     | Bought a scroll of brand weapon for 280 gold pieces
 10563 | D:11     | Bought a scroll of blinking for 105 gold pieces
 10644 | D:11     | Found a staircase to the Lair.
 11480 | D:12     | Reached skill level 5 in Fighting
 11567 | D:12     | Found a runed translucent door.
 11617 | D:12     | Found a portal to a secret trove of treasure.
 11877 | D:12     | Reached XP level 12. HP: 104/104 MP: 18/21
 12018 | D:12     | Noticed a war gargoyle
 12019 | D:12     | Noticed Mushotsu's ghost (journeyman HOFi)
 12431 | Trove    | Entered a treasure trove
 12434 | Trove    | Found the +2 pair of boots of the Assassin {Detection Stab+
                  | Stlth++}
 12468 | Trove    | Got a pair of faintly humming gloves
 12479 | Trove    | Identified the +0 pair of gloves "Qyos" {-Cast rN+++ Regen+
                  | rCorr} (You found it in a treasure trove)
 12493 | Trove    | Got a faintly humming scale mail
 12511 | Trove    | Got ancient gold dragon scales
 12546 | Trove    | Identified the +4 scale mail of the Barracuda {rPois rF+++
                  | rC- Dex+3} (You found it in a treasure trove)
 12547 | Trove    | Identified the +12 gold dragon scales "Ifidoy" {rPois rF+
                  | rC+ rN++ Slay+3} (You found it in a treasure trove)
 12656 | Lair:1   | Entered Level 1 of the Lair of Beasts
 12830 | Lair:1   | Reached skill level 10 in Fighting
 13022 | Lair:1   | Reached skill level 5 in Armour
 14259 | Lair:3   | Noticed Rupert
 14281 | Lair:3   | Killed Rupert
 14281 | Lair:3   | Reached skill level 10 in Armour
 14307 | Lair:3   | Reached XP level 13. HP: 113/113 MP: 22/22
 14671 | Lair:3   | Reached skill level 10 in Shields
 14682 | Lair:3   | Found a gate leading to a gauntlet.
 14745 | Gauntlet | Entered a Gauntlet
 14745 | Gauntlet | Found a transporter.
 14745 | Gauntlet | Found a transporter.
 14745 | Gauntlet | Found the +9 scales of the Dragon King {rPois rF+ rC+ MR+}
 14748 | Gauntlet | Found a transporter.
 14749 | Gauntlet | Found a transporter.
 14759 | Gauntlet | Found a transporter.
 14763 | Gauntlet | Found a transporter.
 14773 | Gauntlet | Found a transporter.
 14815 | Gauntlet | Found a transporter.
 14863 | Gauntlet | Found a transporter.
 14873 | Gauntlet | Found a transporter.
 14877 | Gauntlet | Found a transporter.
 14889 | Gauntlet | Found a transporter.
 15157 | Gauntlet | Got a glittering graven amulet
 15166 | Gauntlet | Identified the amulet of Ytwu {Harm *Contam *Drain Dex+3
                  | Stlth+} (You found it in a Gauntlet)
 15224 | Gauntlet | Got a pair of warped boots
 15228 | Gauntlet | Identified the cursed +0 pair of boots of Minor Irritation
                  | {-Tele Int+3} (You found it in a Gauntlet)
 15284 | Gauntlet | Noticed a minotaur
 15298 | Gauntlet | Killed a minotaur
 15310 | Gauntlet | Found the +3 hat of Pondering {ponderous, MR+ MP+10 Int+5}
 15475 | Lair:3   | Found a staircase to the Swamp.
 15725 | Lair:4   | Reached skill level 13 in Invocations
 15804 | Lair:4   | Noticed Josephine
 15814 | Lair:4   | Killed Josephine
 15865 | Lair:4   | Found a hole to the Spider Nest.
 17052 | Lair:5   | Found a transporter.
 17416 | Lair:5   | Found a transporter.
 17832 | Lair:5   | Reached skill level 14 in Invocations
 17837 | Lair:5   | Reached XP level 14. HP: 122/122 MP: 24/24
 17913 | Lair:6   | Entered Level 6 of the Lair of Beasts
 18006 | Lair:6   | Reached **** piety under Makhleb
 18068 | Lair:6   | Found a staircase to the Slime Pits.
 18068 | Lair:6   | Found a viscous altar of Jiyva.
 18392 | Lair:6   | Noticed Sonja
 18451 | Lair:6   | Reached skill level 15 in Fighting
 18509 | Lair:6   | Reached ***** piety under Makhleb
 18558 | Lair:6   | Found a runed translucent door.
 18857 | Lair:6   | Reached XP level 15. HP: 143/143 MP: 25/25
 19297 | Lair:6   | Killed Sonja
 19541 | Orc:1    | Entered Level 1 of the Orcish Mines
 19826 | Orc:1    | Found a roughly hewn altar of Beogh.
 20049 | Orc:2    | Entered Level 2 of the Orcish Mines
 20265 | Orc:2    | Found a staircase to the Elven Halls.
 20307 | Orc:2    | Reached ****** piety under Makhleb
 20314 | Orc:2    | Paralysed by an ogre mage for 6 turns
 20326 | Orc:2    | Found Ruoj's Magic Scroll Emporium.
 20326 | Orc:2    | Found Jirecye's Jewellery Shop.
 20342 | Orc:2    | Reached skill level 15 in Invocations
 20343 | Orc:2    | Found Nuhiydd's Weapon Emporium.
 20343 | Orc:2    | Found Veneq's Weapon Boutique.
 20372 | Orc:2    | Bought a scroll of fear for 35 gold pieces
 20929 | D:9      | Killed bmj180's ghost
 20971 | D:9      | Got a pair of fine gloves
 20972 | D:9      | Identified the +1 pair of gloves "Divoxan" {Int+4} (You
                  | found it on level 9 of the Dungeon)
 21142 | D:12     | Killed Mushotsu's ghost
 21212 | D:13     | Found Kokk's Assorted Antiques.
 21228 | D:13     | Found Gezxucosh's Magic Scroll Boutique.
 21254 | D:13     | Bought a scroll of identify for 24 gold pieces
 21380 | D:13     | Found a gate to the Vaults.
 21394 | D:13     | Reached skill level 16 in Invocations
 21394 | D:13     | Reached XP level 16. HP: 155/155 MP: 26/28
 21635 | D:13     | Identified the +0 battleaxe of True Grit {flame, Str+7}
 22253 | D:14     | Reached skill level 17 in Invocations
 22640 | D:14     | Noticed Azrael
 22655 | D:14     | Killed Azrael
 23416 | D:15     | Entered Level 15 of the Dungeon
 23590 | D:15     | Reached skill level 18 in Invocations
 23596 | D:15     | Found a staircase to the Depths.
 24197 | D:15     | Found a runed translucent door.
 24334 | D:15     | Reached XP level 17. HP: 161/161 MP: 30/30
 24339 | D:15     | Reached skill level 15 in Armour
 24343 | D:15     | Got a scorched zirconium amulet
 24344 | D:15     | Identified the amulet of Imabb {Gourm MR+ Dex+3} (You found
                  | it on level 15 of the Dungeon)
 24594 | Elf:1    | Entered Level 1 of the Elven Halls
 24618 | Elf:1    | Noticed Asterion
 24636 | Elf:1    | Killed Asterion
 24681 | Elf:1    | Reached skill level 19 in Invocations
 24775 | Elf:1    | Found a shimmering blue altar of Sif Muna.
 24851 | Elf:1    | Found Naitofuk's Food Shoppe.
 25270 | Elf:1    | Found Ticil's Food Shoppe.
 25274 | Elf:1    | Found Riusmaa's Weapon Shoppe.
 25275 | Elf:1    | Found Ellul's Magic Scroll Shoppe.
 25275 | Elf:1    | Found Biuseups's Gadget Shoppe.
 25452 | Elf:1    | Noticed Agnes
 25504 | Elf:1    | Gained mutation: Your body sometimes deteriorates upon
                  | taking damage. [a neqoxec]
 25555 | Elf:1    | Killed Agnes
 25799 | Elf:2    | Cast into level 3 of the Abyss (+1 trident of distortion)
 25842 | Abyss:3  | Reached skill level 20 in Invocations
 26030 | Abyss:3  | Noticed a tentacled starspawn
 26032 | Abyss:3  | Noticed a hellephant
 26057 | Abyss:3  | Reached XP level 18. HP: 169/169 MP: 32/32
 26082 | Elf:2    | Escaped the Abyss
 26276 | Elf:2    | Found a runed translucent gate.
 26276 | Elf:2    | Found a runed translucent gate.
 26277 | Elf:2    | Found a runed translucent gate.
 26782 | Elf:2    | Reached skill level 21 in Invocations
 26851 | Elf:2    | Cast into level 2 of the Abyss (+2 lajatang of distortion)
 27061 | Elf:2    | Escaped the Abyss
 27473 | Elf:3    | Entered Level 3 of the Elven Halls
 27607 | Elf:3    | Identified the +1 plate armour of the Heavens {-Cast rPois
                  | rF+++ Stlth+} (You acquired it on level 3 of the Elven
                  | Halls)
 27607 | Elf:3    | Identified the amulet "Cadghacru" {RegenMP Str+6 Int+3}
                  | (You acquired it on level 3 of the Elven Halls)
 27704 | Elf:3    | Found Bunguv's Distillery.
 27738 | Elf:3    | Found Itihynof's Magic Scroll Emporium.
 27757 | Elf:3    | Bought a potion of lignification for 45 gold pieces
 27881 | Elf:3    | Found Vuadoxte's Jewellery Shop.
 28091 | Elf:3    | Found Lisyd's Antique Weapon Shoppe.
 28378 | Elf:3    | Noticed a deep elf blademaster
 28379 | Elf:3    | Noticed a deep elf blademaster
 28397 | Elf:3    | Noticed a deep elf master archer
 28403 | Elf:3    | Killed a deep elf blademaster
 28421 | Elf:3    | Killed a ghostly deep elf blademaster
 28425 | Elf:3    | Noticed a deep elf master archer
 28428 | Elf:3    | Noticed a Tzitzimitl
 28437 | Elf:3    | Killed a deep elf blademaster
 28451 | Elf:3    | Killed a ghostly deep elf blademaster
 28455 | Elf:3    | Killed a deep elf master archer
 28457 | Elf:3    | HP: 6/169 [ghostly deep elf master archer/arrow (13)]
 28457 | Elf:3    | Killed from afar by a balrug

Levels and vault maps discovered:
D:1:      grunt_arrival_crossed_arrows, layout_loops_ring, minmay_tetromino_t4
D:2:      minmay_wonky_spiral, layout_basic
D:3:      layout_loops_cross, first_ration, cheibrodos_sewer_entry_drain,
          xom_teletrap_fun, uniq_ijyb, uniq_robin, uniq_natasha
D:4:      layout_cave_pods, serial_shops, shop
D:5:      layout_loops_ring, minmay_temple_entry_statues_fountains
D:6:      layout_basic, nicolae_overflow_hidden_temple
D:7:      layout_gridville
D:8:      layout_rooms
D:9:      layout_stronghold, orc_0_dummy, biasface_ghost_orc_armoury,
          uniq_psyche
D:10:     layout_long_grid, serial_shops, kennysheep_little_box, uniq_nergalle
D:11:     layout_loops_cross, grunt_lair_entry_orc_guard_hut, serial_shops,
          kennysheep_mini_moat
D:12:     layout_basic, ebering_ghost_inner_flame, enter_trove_0, the_bakery
D:13:     layout_roguey, grunt_vaults_entry_tiered, serial_shops, shop, shop,
          hangedman_decor_opposing, minmay_the_grid_2x2 [minmay_the_grid_expand,
          minmay_the_grid_empty, minmay_the_grid_x,
          minmay_the_grid_prize_inner_circle]
D:14:     hangedman_what_comes_after_a, layout_stronghold,
          chequers_serial_rivers_small_a, uniq_azrael
D:15:     grunt_enter_depths_giant_problem, layout_cave_pods,
          serial_park_tiny_1, grunt_decor_resistance, kennysheep_treasure_room
Temple:   kilobyte_greek_temple
Lair:1:   layout_roguey
Lair:2:   layout_cave_pods
Lair:3:   layout_roguey, nicolae_swamp_entry_splash_gauntlet,
          gauntlet_entry_generic, lemuel_fruit_tree, serial_bayou_shore_a,
          serial_bayou_shore_b, uniq_rupert
Lair:4:   layout_layer_cave, nicolae_spider_entry_orb_guardian, st_stairs_13,
          grunt_megastairs_1, infiniplex_staircase_pool_2, uniq_josephine
Lair:5:   gammafunk_cloud_chamber, layout_cave_shapes, nicolae_lair_yak_garden,
          lemuel_fruit_fields
Lair:6:   wormcave, layout_cave_shapes, hangedman_lair_in_review, slime_altar_1,
          uniq_sonja
Orc:1:    layout_caves, basic_altar, nicolae_orc_crystal_geode
Orc:2:    st_orc_ogre_mass, layout_diamond_mine, rock_pile
Elf:1:    layout_loops_corners, serial_shops, shop, evilmike_minifort,
          columned_hall_lemuel, hex_large, glass_columns_b, drop_trap,
          minmay_shop_grid_forest, david_defended_altar_elf, uniq_agnes,
          uniq_asterion
Elf:2:    layout_geoelf_octagon
Elf:3:    elf_hall, layout_gridlike, serial_shops, shop,
          nicolae_shop_temple_entry_statues_fountains, shop,
          nicolae_shop_behind_doors

Skill      XL: |  1  2  3  4  5  6  7  8  9 10 11 12 13 14 15 16 17 18 |
---------------+-------------------------------------------------------+-----
Axes           | 3 4 5 6 8 9 11 13 16 18 | 18.0
Invocations    | 6 12 14 16 18 20 21 | 21.8
Shields        | 8 10 | 10.0
Fighting       | 9 10 15 17 | 17.0
Armour         | 10 12 14 16 18 | 18.2

Action                   |  1- 3 |  4- 6 |  7- 9 | 10-12 | 13-15 | 16-18 || total
-------------------------+-------+-------+-------+-------+-------+-------++-------
Melee: War axe           |   109 |   173 |   353 |   104 |    30 |    81 ||   850
       Broad axe         |       |       |       |   486 |   895 |  1193 ||  2574
Invok: Minor Destruction |       |       |       |     4 |     7 |     5 ||    16
Evoke: Wand              |       |       |     8 |       |     3 |     5 ||    16
  Use: Scroll            |     3 |     9 |    10 |    12 |     8 |    14 ||    56
       Potion            |       |     5 |       |     4 |       |     4 ||    13
 Stab: Petrifying        |       |       |       |       |     1 |       ||     1
       Sleeping          |       |       |       |       |     3 |       ||     3
       Distracted        |       |       |       |       |       |     1 ||     1
  Eat: Chunk             |     1 |     6 |    14 |    19 |    25 |    22 ||    87
       Ration            |       |       |     1 |       |       |     2 ||     3
Armor: Scale mail        |    54 |    54 |    83 |    72 |       |       ||   263
       Gold dragon scale |       |       |       |    54 |   695 |   750 ||  1499
       Skin              |       |       |       |       |       |     1 ||     1
Dodge: Dodged            |    30 |    35 |    74 |   101 |   247 |   298 ||   785
Block: Shield            |    56 |    87 |   134 |    41 |       |       ||   318
       Large shield      |       |       |       |   294 |   892 |  1299 ||  2485

Table legend:
 A = Non-vault XP
 B = Vault XP
 C = Vault XP percentage of total XP
 D = Non-vault monster count
 E = Vault monster count
 F = Vault count percentage of total count
                 A         B        C        D         E       F
            +---------+---------+-------+---------+---------+-------
      Total |  160751 |  142978 |  47.1 |     644 |     346 |  34.9
            +---------+---------+-------+---------+---------+-------
        D:1 |      27 |       6 |  18.2 |      15 |       3 |  16.7
        D:2 |      63 |       2 |   3.1 |      16 |       1 |   5.9
        D:3 |     109 |     121 |  52.6 |      15 |      18 |  54.5
        D:4 |     610 |       0 |   0.0 |      12 |       0 |   0.0
        D:5 |     467 |       0 |   0.0 |      19 |       0 |   0.0
        D:6 |     718 |       0 |   0.0 |      17 |       0 |   0.0
        D:7 |     914 |       0 |   0.0 |      26 |       0 |   0.0
        D:8 |    1028 |       0 |   0.0 |      18 |       0 |   0.0
        D:9 |     631 |    2091 |  76.8 |      13 |      12 |  48.0
       D:10 |    2376 |     820 |  25.7 |      23 |       1 |   4.2
       D:11 |    3229 |     636 |  16.5 |      26 |       5 |  16.1
       D:12 |    5868 |    2720 |  31.7 |      30 |       3 |   9.1
       D:13 |   13374 |   13643 |  50.5 |      44 |      35 |  44.3
       D:14 |    4363 |   15548 |  78.1 |      16 |      67 |  80.7
       D:15 |   13913 |    5654 |  28.9 |      45 |       4 |   8.2
     Lair:1 |    3310 |       0 |   0.0 |      18 |       0 |   0.0
     Lair:2 |    5632 |       0 |   0.0 |      23 |       0 |   0.0
     Lair:3 |    5840 |    3688 |  38.7 |      24 |       6 |  20.0
     Lair:4 |    2578 |    4162 |  61.8 |      11 |      13 |  54.2
     Lair:5 |    2033 |    5965 |  74.6 |       9 |      12 |  57.1
     Lair:6 |   15381 |   19294 |  55.6 |      45 |      40 |  47.1
      Orc:1 |    3288 |       0 |   0.0 |      37 |       0 |   0.0
      Orc:2 |    1525 |   18849 |  92.5 |      19 |      40 |  67.8
      Elf:1 |   24326 |   13467 |  35.6 |      33 |      15 |  31.2
      Elf:2 |   17146 |   22742 |  57.0 |      28 |      29 |  50.9
      Elf:3 |   16446 |    5110 |  23.7 |      26 |       2 |   7.1
    Abyss:2 |    4019 |       0 |   0.0 |      10 |       0 |   0.0
    Abyss:3 |   10995 |    5406 |  33.0 |      24 |       7 |  22.6
      Sewer |       0 |     229 | 100.0 |       0 |      24 | 100.0
   Gauntlet |     542 |    2825 |  83.9 |       2 |       9 |  81.8
            +---------+---------+-------+---------+---------+-------
